 Dungeon Crawl Stone Soup version 0.27.1-1-g398f81649c (webtiles) character file.

Game seed: 15484515664208303516

65 MisterFreud the Shield-Bearer (level 4, -3/41 HPs)
             Began as a Gnoll Fighter on Sept 10, 2021.
             Slain by Natasha (8 damage)
             ... on level 2 of the Dungeon.
             The game lasted 00:01:27 (1487 turns).

MisterFreud the Shield-Bearer (Gnoll Fighter)       Turns: 1487, Time: 00:01:28

Health: -3/41      AC:  7    Str: 15    XL:     4   Next: 14%
Magic:  5/5        EV:  8    Int:  9    God:
Gold:   59         SH: 10    Dex: 11    Spells: 5/5 levels left

rFire    . . .     SeeInvis .   a - +0 rapier
rCold    . . .     Faith    .   c - +0 kite shield
rNeg     . . .     Spirit   .   b - +0 scale mail
rPois    +         Reflect  .   (no helmet)
rElec    .         Harm     .   (no cloak)
rCorr    .         Rampage  .   (no gloves)
Will     .....                  (no boots)
Stlth    ..........             e - amulet of the acrobat
HPRegen  0.13/turn              k - ring of poison resistance
MPRegen  0.09/turn              (no ring)

@: slowed, very slow
A: fangs 1, strong nose, distributed training
a: no special abilities


You were on level 2 of the Dungeon.
You visited 1 branch of the dungeon, and saw 2 of its levels.

You collected 59 gold pieces.

Inventory:

Hand Weapons
 a - a +0 rapier (weapon)
Missiles
 f - 25 poisoned darts (quivered)
 j - 7 boomerangs
Armour
 b - a +0 scale mail (worn)
 c - a +0 kite shield (worn)
Jewellery
 e - an amulet of the acrobat (around neck)
 k - a ring of poison resistance (left hand)
Scrolls
 g - 2 scrolls of immolation {unknown}
 h - a scroll of fear {unknown}
Potions
 d - a potion of might
 i - a potion of heal wounds {unknown}
 l - a potion of haste {unknown}


   Skills:
 + Level 6.6 Fighting
 + Level 4.6 Short Blades
 + Level 1.0 Long Blades
 + Level 1.0 Axes
 + Level 1.0 Maces & Flails
 + Level 1.0 Polearms
 + Level 1.0 Staves
 + Level 1.0 Slings
 + Level 1.0 Bows
 + Level 1.0 Crossbows
 + Level 1.0 Throwing
 + Level 6.6 Armour
 + Level 1.0 Dodging
 + Level 1.0 Stealth
 + Level 6.6 Shields
 + Level 1.0 Unarmed Combat
 + Level 1.0 Spellcasting
 + Level 0.8 Conjurations
 + Level 0.8 Hexes
 + Level 0.8 Summonings
 + Level 0.8 Necromancy
 + Level 0.8 Translocations
 + Level 0.8 Transmutations
 + Level 0.8 Fire Magic
 + Level 0.8 Ice Magic
 + Level 0.8 Air Magic
 + Level 0.8 Earth Magic
 + Level 0.8 Poison Magic
 + Level 1.1 Invocations
 + Level 1.0 Evocations


You had 5 spell levels left.
You didn't know any spells.
Your spell library was empty.

Dungeon Overview and Level Annotations

Branches:
Dungeon (2/15)

Altars:
Gozag

Annotations:
D:2 Natasha


Innate Abilities, Weirdness & Mutations

You have very sharp teeth.
Your uncanny sense of smell can sniff out nearby items.
Your experience applies equally to all skills.


Message History

The ball python is severely wounded.
The ball python bites you but does no damage.
The ball python constricts you.
The ball python bites you but does no damage.
The ball python constricts you.
You hit the ball python.
You kill the ball python!
You see here a ball python corpse.
You start resting.
Natasha, Servant of Life and Death comes into view.
Natasha hisses angrily.
Found a leather armour.
Your scale mail prevents you from hitting Natasha.
Natasha casts a spell at you.
You feel yourself slow down.
You puncture Natasha!
Natasha is severely wounded.
Natasha claws you. x2
You hit Natasha but do no damage.
Natasha is severely wounded.
Natasha growls.
Natasha claws you but does no damage. You block Natasha's attack.
You completely miss Natasha. Your bite misses Natasha.
Natasha is severely wounded.
You block Natasha's attack.
You hit Natasha but do no damage.
Natasha is severely wounded.
Natasha claws you.
Natasha stares at you and mumbles some strange words.
The magic dart hits you!
* * * LOW HITPOINT WARNING * * *
You barely miss Natasha. Your bite misses Natasha.
Natasha is severely wounded.
Natasha stares at you and mumbles some strange words.
You feel as though you will be slow longer.
Natasha claws you but does no damage.
You hit Natasha.
Natasha is almost dead.
Natasha claws you but does no damage. Natasha claws you!
You die...

###.....#†§##...........
.........#........#.....
....#.....###...........
........#........#......
#####...#####...........
....##....##.....#......
#........††.#.........
#.....##..###..##.....
#.........@###$# .##.
#.....#....h....[.
#.....####........
#...## #........ #.#.
####.##.. .... ..∆ . ##


You could see Natasha.

Vanquished Creatures
  Natasha (D:2)
  A gnoll (D:1)
  An adder (D:2)
  A worm (D:2)
  4 endoplasms
  A giant cockroach (D:2)
  A hobgoblin (D:1)
  2 jackals (D:1)
  2 quokkas
  A ball python (D:2)
  2 bats
  2 frilled lizards (D:2)
  A rat (D:1)
20 creatures vanquished.

Notes
Turn   | Place    | Note
-------+----------+-------------------------------------------
     0 | D:1      | MisterFreud the Gnoll Fighter began the quest for the Orb.
     0 | D:1      | Reached XP level 1. HP: 23/23 MP: 1/1
   537 | D:1      | Reached XP level 2. HP: 18/29 MP: 2/2
   987 | D:1      | Found an opulent altar of Gozag.
  1160 | D:2      | Reached XP level 3. HP: 32/35 MP: 2/4
  1278 | D:2      | Noticed Natasha
  1298 | D:2      | Killed Natasha
  1299 | D:2      | Reached skill level 1 in Long Blades
  1299 | D:2      | Reached skill level 1 in Axes
  1299 | D:2      | Reached skill level 1 in Maces & Flails
  1299 | D:2      | Reached skill level 1 in Polearms
  1299 | D:2      | Reached skill level 1 in Staves
  1299 | D:2      | Reached skill level 1 in Slings
  1299 | D:2      | Reached skill level 1 in Bows
  1299 | D:2      | Reached skill level 1 in Crossbows
  1299 | D:2      | Reached skill level 1 in Throwing
  1299 | D:2      | Reached skill level 1 in Dodging
  1299 | D:2      | Reached skill level 1 in Stealth
  1299 | D:2      | Reached skill level 1 in Unarmed Combat
  1299 | D:2      | Reached skill level 1 in Spellcasting
  1299 | D:2      | Reached skill level 1 in Invocations
  1299 | D:2      | Reached skill level 1 in Evocations
  1299 | D:2      | Reached XP level 4. HP: 11/41 MP: 5/5
  1478 | D:2      | Noticed Natasha
  1487 | D:2      | Slain by Natasha

Illustrated notes

Levels and vault maps discovered:
D:1:      dpeg_arrival_lava_altar, layout_basic
D:2:      layout_rooms, basic_ecumenical_altar, minmay_stone_trees_small,
          minmay_hedge_maze, uniq_natasha

Skill      XL: |  1  2  3 |
---------------+----------+-----
Long Blades    | 1 |  1.0
Axes           | 1 |  1.0
Maces & Flails | 1 |  1.0
Polearms       | 1 |  1.0
Staves         | 1 |  1.0
Slings         | 1 |  1.0
Bows           | 1 |  1.0
Crossbows      | 1 |  1.0
Throwing       | 1 |  1.0
Dodging        | 1 |  1.0
Stealth        | 1 |  1.0
Unarmed Combat | 1 |  1.0
Spellcasting   | 1 |  1.0
Invocations    | 1 |  1.1
Evocations     | 1 |  1.0
Fighting       | |  6.6
Short Blades   | |  4.6
Armour         | |  6.6
Shields        | |  6.6
Conjurations   | |  0.8
Hexes          | |  0.8
Summonings     | |  0.8
Necromancy     | |  0.8
Translocations | |  0.8
Transmutations | |  0.8
Fire Magic     | |  0.8
Ice Magic      | |  0.8
Air Magic      | |  0.8
Earth Magic    | |  0.8
Poison Magic   | |  0.8

Action                   |  1- 3 |  4- 6 || total
-------------------------+-------+-------++-------
Melee: Rapier            |    76 |    25 ||   101
       Bite              |     7 |       ||     7
Armor: Scale mail        |    35 |    10 ||    45
Dodge: Dodged            |    35 |     7 ||    42
Block: Kite shield       |    42 |    10 ||    52
